 Dungeon Crawl Stone Soup version 0.23-b1-13-gf37ab262a9 (webtiles) character file.

Game seed: 3351599362898176988

381 1994 the Grave Robber (level 6, -3/50 HPs)
             Began as a Draconian Necromancer on Feb 3, 2019.
             Slain by Menkaure (19 damage)
             ... on level 4 of the Dungeon.
             The game lasted 00:17:35 (4158 turns).

1994 the Grave Robber (Draconian Necromancer)       Turns: 4158, Time: 00:17:36

Health: -3/50      AC:  6    Str: 10    XL:     6   Next: 46%
Magic:  10/10      EV: 13    Int: 16    God:
Gold:   208        SH:  4    Dex: 13    Spells: 3/11 levels left

rFire    . . .     SeeInvis .   n - +0 flail
rCold    . . .     Gourm    .   (no shield)
rNeg     + . .     Faith    .   (armour unavailable)
rPois    .         Spirit   .   (helmet restricted)
rElec    .         Reflect  +   (no cloak)
rCorr    .         Harm     .   (no gloves)
MR       .....                  (no boots)
Stlth    ++........             g - +4 amulet of reflection
HPRegen  0.16/turn              v - ring of positive energy
MPRegen  0.12/turn              (no ring)

@: no status effects
A: unfitting armour, cold-blooded, AC +6
a: no special abilities


You were on level 4 of the Dungeon.
You were not hungry.

You visited 1 branch of the dungeon, and saw 4 of its levels.

You collected 208 gold pieces.

Inventory:

Hand Weapons
 e - a +0 dagger
 n - a +0 flail (weapon)
Jewellery
 g - a +4 amulet of reflection (around neck)
 v - a ring of positive energy (left hand)
Scrolls
 a - a scroll of teleportation {unknown}
 c - 6 scrolls of identify {unknown}
 d - 2 scrolls of amnesia {unknown}
 h - a scroll of immolation {unknown}
 j - a scroll of magic mapping {unknown}
 p - 2 scrolls of remove curse {unknown}
 q - a scroll of enchant armour {unknown}
 x - a scroll of fog {unknown}
Potions
 i - 2 potions of curing {unknown}
 k - 2 potions of ambrosia {unknown}
 l - a potion of brilliance {unknown}
 m - a potion of agility {unknown}
 o - 4 potions of flight {unknown}
 r - a potion of berserk rage {unknown}
 s - a potion of haste {unknown}
 t - a potion of magic {unknown}
 u - a potion of heal wounds {unknown}
 w - a potion of mutation {unknown}
 z - a potion of lignification
Comestibles
 b - 7 rations
 f - a chunk of flesh


   Skills:
 + Level 2.8 Fighting
 + Level 1.7 Maces & Flails
 + Level 3.1 Dodging
 - Level 3.1 Stealth
 + Level 3.2 Spellcasting
 + Level 5.0 Necromancy


You had 3 spell levels left.
You knew the following spells:

 Your Spells              Type           Power        Failure   Level  Hunger
a - Pain                  Necr           ###.         2%          1    None
b - Animate Skeleton      Necr           N/A          2%          1    None
c - Vampiric Draining     Necr           ###.......   7%          3    ###....
d - Regeneration          Chrm/Necr      ##........   21%         3    ###....

Your spell library contained the following spells:

 Spells                   Type           Power        Failure   Level  Hunger
 Magic Dart               Conj           #...         19%         1    None
 Blink                    Tloc           N/A          28%         2    ##.....
 Call Imp                 Summ           #.......     28%         2    ##.....
 Slow                     Hex            #.......     28%         2    ##.....
 Conjure Flame            Conj/Fire      #.......     50%         3    ###....
 Mephitic Cloud           Conj/Pois/Air  #.......     50%         3    ###....
 Animate Dead             Necr           N/A          24%         4    ####...


Dungeon Overview and Level Annotations

Branches:
Dungeon (4/15)
 Temple: D:4-7

Altars:

Annotations:
D:4 Menkaure


Innate Abilities, Weirdness & Mutations

Your plain brown scales are hard. (AC +6)
You cannot fit into any form of body armour.
You are cold-blooded and may be slowed by cold attacks.


Message History

The helpless Menkaure fails to defend himself.
You hit Menkaure. You tail-slap Menkaure.
Menkaure is lightly damaged.
Menkaure hits you!
You hit Menkaure but do no damage.
Menkaure is lightly damaged.
Menkaure's ankle releases a plume of dust as he confides, "I'm not really a mummy, you know."
Menkaure hits you!
You hit Menkaure.
You tail-slap Menkaure, but do no damage.
Menkaure is lightly damaged.
Menkaure hits you.
* * * LOW HITPOINT WARNING * * *
You sock Menkaure!
Menkaure is heavily damaged.
Menkaure closely misses you.
You hit Menkaure.
Your tail-slap misses Menkaure.
Menkaure is severely damaged.
Menkaure hits you!!
You die...

#..........#(##.#
#.##
#....#####.#<##.#
#... #....#.. #
#.##.# ####
###+#.#.#.# #.##.#
........#.# #.##.#
........#.# #.##.#
.........!#.#.##.#
####
.......M)...#.##.#
....
.....#@#####.##.#
#...
..............##.#
#.>.
.....##.########.#
#... ....
#.#....>...# #...
...
#.#.############+#
..
#.#............# #
#.############.#
#)############.#
#..............#


You could see Menkaure.

Vanquished Creatures
  An ogre (D:3)
  A scorpion (D:4)
  A howler monkey (D:4)
  A bullfrog skeleton (D:4)
  An orc priest (D:2)
  8 adders
  A shadow imp (D:2)
  An ooze (D:3)
  2 worms
  A dart slug (D:1)
  A leopard gecko (D:4)
  7 orcs
  3 bats
  6 giant cockroaches
  4 goblins
  8 hobgoblins
  2 jackals (D:4)
  3 ball pythons
  5 kobolds
  A leopard gecko skeleton (D:4)
  4 rats
62 creatures vanquished.

Vanquished Creatures (collateral kills)
  An orc (D:2)
  A hobgoblin (D:1)
  A quokka (D:3)
  A rat (D:1)
4 creatures vanquished.

Grand Total: 66 creatures vanquished

Notes
Turn   | Place    | Note
-------+----------+-------------------------------------------
     0 | D:1      | 1994 the Draconian Necromancer began the quest for the Orb.
     0 | D:1      | Reached XP level 1. HP: 14/14 MP: 3/3
    29 | D:1      | Learned a level 1 spell: Animate Skeleton
   462 | D:1      | Reached XP level 2. HP: 22/22 MP: 3/5
  1238 | D:2      | Reached skill level 1 in Fighting
  1238 | D:2      | Reached XP level 3. HP: 27/28 MP: 2/6
  1723 | D:2      | HP: 1/28 [orc priest/divine providence (16)]
  1764 | D:2      | Reached XP level 4. HP: 10/35 MP: 2/7
  1801 | D:2      | Learned a level 3 spell: Vampiric Draining
  1805 | D:2      | Learned a level 3 spell: Regeneration
  2807 | D:3      | Reached XP level 5. HP: 35/41 MP: 5/9
  3059 | D:3      | Noticed an ogre
  3102 | D:3      | Killed an ogre
  3102 | D:3      | Reached skill level 1 in Maces & Flails
  3732 | D:4      | Reached XP level 6. HP: 46/50 MP: 10/10
  3930 | D:4      | Noticed Menkaure
  4022 | D:4      | Reached skill level 5 in Necromancy
  4158 | D:4      | Slain by Menkaure

Skill      XL: |  1  2  3  4  5  6 |
---------------+-------------------+-----
Stealth        | 2 3 |  3.1
Dodging        | 2 3 |  3.1
Fighting       | 1 2 |  2.8
Maces & Flails | 1 |  1.7
Spellcasting   | 3 |  3.2
Necromancy     | 5 |  5.0

Action                   |  1- 3 |  4- 6 || total
-------------------------+-------+-------++-------
Melee: Dagger            |    80 |     9 ||    89
       Tailslap          |     3 |    11 ||    14
       Flail             |       |    75 ||    75
 Cast: Pain              |    42 |    62 ||   104
       Animate Skeleton  |     3 |     2 ||     5
       Vampiric Draining |       |     2 ||     2
       Regeneration      |       |     1 ||     1
  Use: Potion            |     1 |       ||     1
 Stab: Sleeping          |     4 |     3 ||     7
  Eat: Chunk             |     3 |     9 ||    12
Armor: Skin              |    28 |    29 ||    57
Dodge: Dodged            |    47 |    47 ||    94
Block: Other             |    13 |    25 ||    38
